AoeStats
← Aśoka

Highland

506492442Analyzed
2v2 RM · 17d ago on Sep 13, 2026· 65m 54s· 4 players
Game mode
Random Map
Map size
Medium (4 player)
Population
200
Speed
Normal
Resources
Standard
Victory
Conquest
Starting age
Dark Age
Ending age
Imperial Age
RankedLock teamsTeams togetherTeam positionsShared explorationLock speedFull tech treeHidden civsTurbo modeCheats
Victory
Defeat
🇺🇸 Spanish · United States
805
+16
🇺🇸 Chinese · United States
805
+16
🇮🇳 Burgundians · India
835
-16
🇺🇸 Franks · United States
795
-16
RazorCoco1
5:28 Loom
11:32 Feudal Age
14:26 Double-Bit Axe
19:12 Bloodlines
19:12 Horse Collar
22:11 Castle Age
21:08 Gold Mining
24:00 Husbandry
25:01 Wheelbarrow
26:53 Forging
28:08 Stone Mining
28:31 Bow Saw
30:52 Heavy Plow
31:05 Fletching
31:16 Padded Archer Armor
32:16 Bodkin Arrow
33:12 Stone Shaft Mining
33:39 Hand Cart
37:57 Imperial Age
38:28 Leather Archer Armor
38:40 Cavalier
41:49 Chemistry
41:10 Ballistics
40:39 Elite Conquistador
41:39 Bracer
45:06 Murder Holes
44:47 Elite Cannon Galleon
46:29 Ring Archer Armor
46:35 Iron Casting
46:06 Scale Barding Armor
46:13 Caravan
46:19 Paladin
63:52 Pikeman
64:36 Squires
64:24 Gambesons
64:10 Capped Ram
65:10 Siege Ram
Senator Sloth
0:36 Loom
14:43 Feudal Age
16:44 Horse Collar
17:11 Double-Bit Axe
17:30 Fletching
17:40 Padded Archer Armor
18:15 Gold Mining
22:46 Castle Age
24:31 Crossbowman
25:20 Thumb Ring
25:34 Leather Archer Armor
25:15 Bodkin Arrow
28:42 Gold Shaft Mining
28:43 Bow Saw
28:40 Heavy Plow
30:46 Ballistics
30:33 Scale Mail Armor
30:43 Forging
30:32 Pikeman
31:13 Squires
31:36 Arson
38:23 Man-at-Arms
41:03 Wheelbarrow
43:09 Stone Mining
43:22 Elite Skirmisher
44:56 Stone Shaft Mining
45:02 Caravan
45:43 Hand Cart
48:13 Imperial Age
46:48 Chain Mail Armor
47:09 Iron Casting
46:12 Long Swordsman
48:27 Capped Ram
48:28 Heavy Rocket Cart
48:45 Arbalester
49:00 Elite Fire Lancer
49:07 Halberdier
49:39 Siege Ram
49:45 Siege Ram
50:36 Bracer
51:06 Ring Archer Armor
51:36 Blast Furnace
51:07 Plate Mail Armor
52:00 Chemistry
63:41 Conscription
Sykik
2:32 Loom
10:36 Feudal Age
9:15 Horse Collar
10:26 Double-Bit Axe
12:29 Bow Saw
17:44 Castle Age
18:02 Scale Barding Armor
18:52 Forging
18:25 Light Cavalry
20:20 Cavalier
32:14 Imperial Age
30:29 Heavy Plow
30:38 Scale Mail Armor
34:01 Chemistry
33:28 Paladin
37:02 Squires
38:03 Gold Mining
41:22 Fletching
42:18 Elite Skirmisher
Aśoka
12:16 Feudal Age
10:32 Loom
17:09 Castle Age
31:18 Double-Bit Axe
32:22 Wheelbarrow
34:13 Stone Mining
34:14 Gold Mining
34:44 Bow Saw
34:59 Hand Cart
36:09 Caravan
38:53 Imperial Age
37:12 Forging
37:09 Scale Barding Armor
39:16 Iron Casting
39:02 Chain Barding Armor
39:26 Husbandry
39:43 Cavalier
40:49 Conscription
40:21 Fletching
41:32 Blast Furnace
40:57 Padded Archer Armor
41:58 Plate Barding Armor
42:10 Bodkin Arrow
42:14 Murder Holes
42:08 Elite Skirmisher
45:05 Leather Archer Armor
44:36 Cavalier
49:36 Cavalier
50:50 Paladin
53:24 Chivalry
Connection lost

Rejoining the realm…

Still unreachable

The connection could not be restored.

Session expired

The server has moved on; the page needs a fresh start.